 Dungeon Crawl Stone Soup version 0.26.1-11-gd32895ea62 (webtiles) character file.

Game seed: 13093381624632394831

90809 Groucho the Unseen (level 15, -1/63 HPs)
             Began as a Spriggan Enchanter on July 26, 2021.
             Was the Champion of Kikubaaqudgha.
             Killed by drain life
             ... invoked by a soul eater
             ... summoned by an orc high priest
              (17 damage)
             ... on level 2 of the Orcish Mines on July 27, 2021.
             The game lasted 01:55:01 (51997 turns).

Groucho the Unseen (Spriggan Enchanter)            Turns: 51997, Time: 01:55:02

Health: -1/63      AC:  5    Str:  8    XL:     15   Next: 53%
Magic:  13/44      EV: 34    Int: 21    God:    Kikubaaqudgha [******]
Gold:   1390       SH:  0    Dex: 18    Spells: 12/44 levels left

rFire    . . .     SeeInvis +   q - +3 dagger (venom)
rCold    . . .     Faith    .   (shield restricted)
rNeg     . . .     Spirit   .   b - +1 robe
rPois    .         Reflect  .   u - +0 hat {Int+3}
rElec    .         Harm     .   z - +1 cloak {Will+}
rCorr    .         Rampage  .   (gloves unavailable)
Will     +++..                  (boots unavailable)
Stlth    ++++++++..             D - amulet of regeneration
HPRegen  0.60/turn              E - +4 ring of evasion
MPRegen  0.29/turn              r - ring of magical power

@: confusing touch, very quick
A: very small, unfitting armour, see invisible, speed 3
a: Renounce Religion, Receive Corpses, Torment, Brand Weapon With Pain, Receive
Necronomicon


You were on level 2 of the Orcish Mines.
You worshipped Kikubaaqudgha.
Kikubaaqudgha was exalted by your worship.
You visited 6 branches of the dungeon, and saw 26 of its levels.

You collected 2627 gold pieces.
You spent 1237 gold pieces at shops.

Inventory:

Hand Weapons
 g - the +8 whip "Snakebite" {curare, rPois}
   (You found it on level 5 of the Lair of Beasts)

   It poisons the flesh of those it strikes.
   It protects you from poison.
 q - a +3 dagger of venom (weapon)
 L - a +4 dagger
 M - a +0 shortbow
Missiles
 d - 56 poisoned darts (quivered)
 i - 741 stones
 n - 4 curare-tipped darts
 t - 98 bolts
 v - 426 arrows
 x - 7 boomerangs
 y - 23 atropa-tipped darts
Armour
 b - a +1 robe (worn)
 f - a +0 buckler
 u - a +0 hat of intelligence (worn)
 z - a +1 cloak of willpower (worn)
Jewellery
 r - a ring of magical power (right hand)
 D - an amulet of regeneration (around neck)
 E - a +4 ring of evasion (left hand)
 G - an uncursed ring of poison resistance
 P - an uncursed ring of ice
 Q - an uncursed ring of positive energy
 S - a +6 ring of strength
 X - a +4 ring of protection
Wands
 w - a wand of polymorph (24)
 B - a wand of acid (7)
 H - a wand of paralysis (17)
 K - a wand of flame (64)
 U - a wand of digging (19)
 Z - a wand of iceblast (24)
Scrolls
 c - a scroll of blinking {unknown}
 j - 5 scrolls of fear
 k - 10 scrolls of remove curse
 m - 6 scrolls of enchant armour
 o - a scroll of fog
 p - 5 scrolls of teleportation
 s - 12 scrolls of identify
 R - a scroll of magic mapping
 Y - 3 scrolls of amnesia
Potions
 a - 6 potions of curing
 e - a potion of berserk rage {unknown}
 h - 3 potions of lignification
 l - a potion of mutation {unknown}
 A - a potion of ambrosia
 C - 3 potions of cancellation
 F - 3 potions of might
 I - 2 potions of attraction
 J - 2 potions of brilliance {unknown}
 N - a potion of magic
 O - 3 potions of haste
 V - 2 potions of heal wounds


   Skills:
 + Level 9.8 Short Blades
 + Level 13.8 Dodging
 + Level 20.2 Stealth
 + Level 15.4 Spellcasting
 - Level 14.0 Hexes
 + Level 10.1 Necromancy


You had 12 spell levels left.
You knew the following spells:

 Your Spells              Type           Power        Failure   Level
a - Corona                Hex            73%          0%          1
b - Ensorcelled Hibernat  Hex/Ice        90%          1%          2
c - Confusing Touch       Hex            66%          1%          3
d - Tukima's Dance        Hex            66%          1%          3
e - Dazzling Flash        Conj/Hex       90%          1%          3
f - Dispel Undead         Necr           56%          1%          4
g - Invisibility          Hex            66%          1%          6
h - Agony                 Necr           56%          1%          5
i - Animate Dead          Necr           28%          1%          4
j - Apportation           Tloc           32%          3%          1

Your spell library contained the following spells:

 Spells                   Type           Power        Failure   Level
 Animate Skeleton         Necr           100%         1%          1
 Pain                     Necr           100%         1%          1
 Sublimation of Blood     Necr           28%          1%          2
 Vampiric Draining        Necr           28%          1%          3
 Excruciating Wounds      Necr           28%          1%          5
 Sting                    Tmut/Pois      64%          3%          1
 Poisonous Vapours        Pois/Air       32%          5%          2
 Ignite Poison            Fire/Tmut/Pois 16%          11%         3
 Lesser Beckoning         Tloc           8%           11%         3
 Mephitic Cloud           Conj/Pois/Air  16%          11%         3
 Olgreb's Toxic Radiance  Pois           16%          36%         4
 Simulacrum               Ice/Necr       18%          56%         6
 Alistair's Intoxication  Tmut/Pois      10%          71%         5
 Irradiate                Conj/Tmut      8%           71%         5
 Hydra Form               Tmut           8%           99%         6
 Statue Form              Tmut/Erth      10%          99%         6
 Dragon Form              Tmut           8%           100%        7


Dungeon Overview and Level Annotations

Branches:
Dungeon (15/15)            Temple (1/1) D:6            Lair (6/6) D:9
  Swamp (1/4) Lair:4        Snake (0/4) Lair:4        Slime (0/5) Lair:5
    Orc (2/2) D:9             Elf (0/3) Orc:2        Vaults (0/5) D:13
 Depths (1/5) D:15

Altars:
Ashenzari
Cheibriados
Dithmenos
Elyvilon
Fedhas
Gozag
Hepliaklqana
Kikubaaqudgha
Makhleb
Nemelex Xobeh
Okawaru
Qazlal
Ru
Sif Muna
Trog
Uskayaw
Vehumet
Wu Jian
Xom
Yredelemnul
Zin
The Shining One

Shops:
D:11 [   D:12 :   D:13 :   Orc:1 *   Orc:2 }

Portals:
Gauntlet: Orc:2

Annotations:
D:15 Roxanne
Lair:1 1 runed translucent door, exclusion: oklob plant, Purph's ghost, journeyman MiBe
Lair:2 2 transporters, exclusion: oklob plant, DearestLeader's ghost, journeyman DrCj


Innate Abilities, Weirdness & Mutations

You are very small and have problems with some larger weapons.
You are too small for most types of armour.
You have supernaturally acute eyesight. (SInv)
You cover ground extremely quickly.


Message History

You kill the orc wizard!
Kikubaaqudgha accepts your kill.
The orc high priest invokes the aid of Beogh against you.
Beogh smites you!
The orc knight laughs crazily.
Casting: Ensorcelled Hibernation (safe; 1% risk of failure)
Confirm with . or Enter, or press ? or * to list all spells.
Your hands begin to glow red.
The orc knight laughs at nothing.
The soul eater hits you!
* * * LOW HITPOINT WARNING * * *
You barely miss the soul eater.
You hit the soul eater but do no damage.
The soul eater draws from the surrounding life force!
* * * LOW HITPOINT WARNING * * *
Unknown command.
The orc high priest calls upon Beogh to heal something.
The soul eater draws from the surrounding life force!
You die...
Kikubaaqudgha rasps: "You have failed me!
Welcome... death!"

...o....o# ##..... #4.#
##...... ... ##..## #.......
.....##).)o# ##.#.#..
#.#.....)#o# #####..
#.#...()##3# ##. #.#...###..#
## #.######..##
...####.####.@.## ##
#...........### #.##
######.###### ##...#
#######.####### ####.#.## #
#........##...###.......# ####
#.............##........###.##
..........#..####..#.#...#....
..............##.##......##.##
..........#.......#..#....###.


You could see an orc knight and a soul eater (summoned).

Vanquished Creatures
  Rupert (Lair:6)
  A dire elephant (Lair:5)
  Josephine (Lair:5)
  A quicksilver dragon skeleton (D:15)
  A catoblepas (D:14)
  4 hydras
  A boulder beetle (D:15)
  A death knight (D:14)
  A merfolk avatar (Lair:6)
  3 centaur warriors
  4 two-headed ogres
  A death yak (D:13)
  Urug (Lair:1)
  2 tengu warriors (D:13)
  An orc high priest (Orc:2)
  A fire crab (Lair:6)
  A sea snake (Lair:6)
  6 skeletal warriors
  A spark wasp zombie (D:15)
  3 unseen horrors (D:14)
  A flayed ghost (D:15)
  2 deep elf magi
  2 necromancers
  Pikel (D:4)
  A harpy (Lair:6)
  A phantasmal warrior (D:14)
  4 orc sorcerers
  2 ugly things
  A salamander (shapeshifter) (D:13)
  Maurice (D:8)
  5 manticores
  5 cyclopes
  A molten gargoyle (Lair:4)
  4 black mambas
  9 elephants
  A torpor snail (Lair:6)
  5 gargoyles
  17 cane toads
  3 kobold demonologists
  4 rime drakes
  An efreet (D:15)
  A freezing wraith (D:14)
  2 ice devils (D:13)
  10 komodo dragons
  6 polar bears
  A harpy zombie (D:9)
  A wind drake (Lair:6)
  3 hornets
  7 trolls
  2 tyrant leeches (Lair:4)
  A wolf spider simulacrum (D:13)
  16 blink frogs
  A slime creature (D:6)
  A fire dragon zombie (D:15)
  A spriggan zombie (D:15)
  7 dream sheep
  2 centaur simulacra
  7 wyverns
  9 wraiths
  A basilisk (Lair:5)
  A vampire (D:13)
  A dancing weapon (D:4)
  2 shadows
  76 yaks
  A steam dragon (Lair:4)
  A vampire mosquito (D:14)
  2 nagas (Lair:4)
  A swamp worm (Lair:4)
  27 water moccasins
  5 sky beasts
  13 orc warriors
  3 ice beasts
  2 phantoms
  3 black bears
  6 centaurs
  2 eyes of draining
  9 ogres
  36 wolves
  2 lemures (D:4)
  4 big kobolds
  2 gnoll sergeants
  18 bullfrogs
  A wyvern zombie (D:14)
  A wyvern skeleton (D:12)
  6 scorpions
  2 electric eels (Lair:5)
  13 wights
  A howler monkey (D:6)
  9 hounds
  2 bullfrog zombies
  6 centaur skeletons
  26 jellies
  14 orc priests
  Crazy Yiuf (D:3)
  3 bullfrog skeletons
  22 orc wizards
  4 iguanas
  9 worker ants
  5 hell rats (Lair:5)
  A killer bee zombie (D:6)
  A bullfrog simulacrum (D:13)
  A hound zombie (D:6)
  A hound skeleton (D:4)
  Robin (D:4)
  23 adders
  15 gnolls
  A river rat (D:6)
  3 shadow imps
  8 white imps
  5 ufetubi
  13 oozes
  An adder zombie (D:5)
  2 adder skeletons
  7 worms
  14 leopard geckos
  58 orcs
  10 giant cockroaches
  16 goblins
  17 hobgoblins
  13 jackals
  13 kobolds
  4 quokkas
  5 ball pythons
  15 bats
  3 frilled lizards
  A leopard gecko skeleton (D:4)
  A leopard gecko zombie (D:6)
  2 quokka skeletons
  2 quokka zombies
  12 rats
797 creatures vanquished.

Vanquished Creatures (collateral kills)
  A two-headed ogre (D:10)
  A gnoll sergeant (D:9)
  3 wights (D:9)
  A gnoll (D:6)
  4 orcs
10 creatures vanquished.

Vanquished Creatures (others)
  A vampire mosquito (D:14)
  4 dancing weapons
  13 bushes (Lair:6)
  54 fungi
  87 plants
159 creatures vanquished.

Grand Total: 966 creatures vanquished

Notes
Turn   | Place    | Note
-------+----------+-------------------------------------------
     0 | D:1      | Groucho the Spriggan Enchanter began the quest for the Orb.
     0 | D:1      | Reached XP level 1. HP: 9/9 MP: 5/5
   592 | D:1      | Reached XP level 2. HP: 9/13 MP: 6/6
   710 | D:1      | Reached skill level 5 in Stealth
   713 | D:1      | Learned a level 2 spell: Ensorcelled Hibernation
  1868 | D:1      | Reached XP level 3. HP: 16/16 MP: 8/8
  2489 | D:2      | Reached skill level 6 in Stealth
  2927 | D:2      | Noticed a killer bee
  3017 | D:2      | Reached XP level 4. HP: 14/21 MP: 7/10
  5308 | D:3      | Reached skill level 7 in Stealth
  5659 | D:3      | Reached XP level 5. HP: 24/24 MP: 11/11
  5994 | D:3      | Found a shimmering altar of Xom.
  5997 | D:3      | Found a shimmering altar of Xom.
  5998 | D:3      | Found a shimmering altar of Xom.
  5999 | D:3      | Found a shimmering altar of Xom.
  5999 | D:3      | Found a shimmering altar of Xom.
  5999 | D:3      | Found a shimmering altar of Xom.
  6001 | D:3      | Found a shimmering altar of Xom.
  6489 | D:3      | Found a sparkling altar of Nemelex Xobeh.
  6560 | D:3      | Found a runed translucent door.
  6561 | D:3      | Noticed Crazy Yiuf
  6807 | D:3      | Learned a level 3 spell: Confusing Touch
  6811 | D:3      | Learned a level 3 spell: Tukima's Dance
  6840 | D:3      | Killed Crazy Yiuf
  6999 | D:4      | Reached skill level 5 in Hexes
  7008 | D:4      | Noticed an ogre
  7032 | D:3      | Reached skill level 8 in Stealth
  7615 | D:4      | Killed an ogre
  7616 | D:4      | Reached XP level 6. HP: 28/28 MP: 13/13
  7644 | D:4      | Noticed Pikel
  7681 | D:4      | Killed Pikel
  7682 | D:4      | Reached skill level 10 in Stealth
  7682 | D:4      | Reached skill level 5 in Spellcasting
  7682 | D:4      | Reached XP level 7. HP: 21/32 MP: 5/16
 10625 | D:4      | Reached XP level 8. HP: 34/36 MP: 17/18
 10626 | D:4      | Reached skill level 11 in Stealth
 11378 | D:4      | Noticed Robin
 11404 | D:4      | Killed Robin
 11877 | D:5      | Entered Level 5 of the Dungeon
 13325 | D:5      | Noticed a two-headed ogre
 13340 | D:5      | Killed a two-headed ogre
 13341 | D:5      | Reached skill level 5 in Dodging
 13341 | D:5      | Reached skill level 12 in Stealth
 13341 | D:5      | Reached XP level 9. HP: 29/39 MP: 18/20
 13662 | D:5      | Found an ancient bone altar of Kikubaaqudgha.
 13662 | D:5      | Found a shimmering blue altar of Sif Muna.
 13668 | D:5      | Became a worshipper of Kikubaaqudgha
 15013 | D:6      | Reached * piety under Kikubaaqudgha
 15013 | D:6      | Identified Kikubaaqudgha's Tome of Evil Secrets
                  | (Kikubaaqudgha gifted it to you on level 6 of the Dungeon)
 15013 | D:6      | Received a gift from Kikubaaqudgha
 15025 | D:6      | Learned a level 3 spell: Dazzling Flash
 15079 | D:6      | Found a staircase to the Ecumenical Temple.
 15086 | Temple   | Entered the Ecumenical Temple
 15843 | D:6      | Reached skill level 5 in Short Blades
 18125 | D:8      | Reached ** piety under Kikubaaqudgha
 18126 | D:8      | Reached XP level 10. HP: 27/44 MP: 23/23
 18680 | D:8      | Reached skill level 13 in Stealth
 18817 | D:8      | Noticed Maurice
 18819 | D:8      | Killed Maurice
 19018 | D:9      | Found a staircase to the Lair.
 19287 | Lair:1   | Entered Level 1 of the Lair of Beasts
 19297 | Lair:1   | Noticed a cane toad
 19878 | D:9      | Found a staircase to the Orcish Mines.
 20132 | Orc:1    | Entered Level 1 of the Orcish Mines
 22118 | Lair:1   | Killed a cane toad
 22119 | Lair:1   | Reached skill level 14 in Stealth
 22119 | Lair:1   | Reached skill level 10 in Hexes
 22367 | Lair:1   | Noticed Urug
 22721 | Lair:1   | Killed Urug
 22722 | Lair:1   | Reached XP level 11. HP: 18/47 MP: 18/25
 23538 | Lair:1   | Reached skill level 10 in Spellcasting
 23546 | Lair:1   | Reached *** piety under Kikubaaqudgha
 23546 | Lair:1   | Identified Kikubaaqudgha's Papyrus of Sinister Rituals
                  | (Kikubaaqudgha gifted it to you on level 1 of the Lair of
                  | Beasts)
 23546 | Lair:1   | Received a gift from Kikubaaqudgha
 23547 | Lair:1   | Reached skill level 1 in Necromancy
 23552 | Lair:1   | Reached skill level 10 in Dodging
 24296 | Lair:1   | Noticed a five-headed hydra
 24372 | Lair:1   | Killed a five-headed hydra
 24623 | Lair:1   | Found a runed translucent door.
 24626 | Lair:1   | Identified the cursed +1 spear of Egomania {flame, Dex+5}
 24626 | Lair:1   | Noticed Purph's ghost (journeyman MiBe)
 25239 | Lair:1   | You fall into a shaft and drop 1 floor!
 25353 | Lair:2   | Reached skill level 15 in Stealth
 25885 | Lair:1   | Noticed an oklob plant
 26727 | Lair:1   | Reached XP level 12. HP: 51/51 MP: 28/28
 27169 | Lair:2   | Noticed a five-headed hydra
 27180 | Lair:2   | Killed a five-headed hydra
 27522 | Lair:2   | Found a transporter.
 27526 | Lair:2   | Noticed DearestLeader's ghost (journeyman DrCj)
 27543 | Lair:2   | Found a transporter.
 27808 | Lair:2   | Noticed a seven-headed hydra
 27815 | Lair:2   | Killed a seven-headed hydra
 28353 | Lair:3   | Reached skill level 16 in Stealth
 29375 | Lair:2   | Reached skill level 5 in Necromancy
 29584 | Lair:3   | Reached **** piety under Kikubaaqudgha
 30831 | Lair:4   | Found a staircase to the Snake Pit.
 31404 | Lair:4   | Found a staircase to the Swamp.
 31430 | Swamp:1  | Entered Level 1 of the Swamp
 31430 | Swamp:1  | Noticed an alligator
 32046 | Lair:4   | Learned a level 4 spell: Dispel Undead
 32448 | Lair:5   | Reached XP level 13. HP: 44/55 MP: 27/30
 32640 | Lair:5   | Reached skill level 17 in Stealth
 33331 | Lair:5   | Found a staircase to the Slime Pits.
 33417 | Lair:5   | Reached ***** piety under Kikubaaqudgha
 35293 | Lair:5   | Found the +8 whip "Snakebite" {curare, rPois}
 35428 | Lair:6   | Entered Level 6 of the Lair of Beasts
 35466 | Lair:6   | Noticed a dire elephant
 35508 | Lair:5   | Killed a dire elephant
 36158 | Lair:6   | Reached skill level 18 in Stealth
 36624 | Lair:6   | Noticed Josephine
 37697 | Lair:6   | Noticed Rupert
 37712 | Lair:6   | Killed Rupert
 37713 | Lair:6   | Reached XP level 14. HP: 52/59 MP: 23/32
 38328 | Lair:5   | Killed Josephine
 39422 | Lair:6   | HP: 2/59 [yak (10)]
 41178 | D:10     | Entered Level 10 of the Dungeon
 42502 | D:10     | Reached skill level 19 in Stealth
 43243 | D:11     | Found Baugorghy's Antique Armour Shop.
 43250 | D:11     | Bought a glowing cloak for 277 gold pieces
 43250 | D:11     | Bought a distressingly furry robe for 210 gold pieces
 43283 | D:11     | Identified the +1 robe "Gikaimasch" {Rampage rF- MP+9
                  | Dex+5} (You bought it in a shop on level 11 of the Dungeon)
 43788 | D:12     | Found a basalt altar of Yredelemnul.
 44232 | D:12     | Reached ****** piety under Kikubaaqudgha
 44968 | D:12     | Found Ijofouri's Book Shoppe.
 44973 | D:12     | Bought a book of Party Tricks for 650 gold pieces
 44981 | D:12     | Learned a level 6 spell: Invisibility
 47074 | D:13     | Found a gate to the Vaults.
 47130 | D:13     | Found Fyluah's Book Boutique.
 47148 | D:13     | Learned a level 5 spell: Agony
 47153 | D:13     | Learned a level 4 spell: Animate Dead
 47155 | D:13     | Learned a level 1 spell: Apportation
 47485 | D:14     | Reached XP level 15. HP: 63/63 MP: 34/34
 47664 | D:14     | Reached skill level 15 in Spellcasting
 48046 | D:14     | Found a flagged portal.
 48279 | D:15     | Entered Level 15 of the Dungeon
 48785 | D:15     | Noticed Roxanne
 48820 | D:15     | Found a staircase to the Depths.
 48831 | D:15     | Reached skill level 20 in Stealth
 49421 | D:15     | Reached skill level 10 in Necromancy
 50121 | Depths:1 | Entered Level 1 of the Depths
 50911 | Orc:1    | Found Orchuol's Assorted Antiques.
 50919 | Orc:1    | Bought a potion of curing for 75 gold pieces
 50919 | Orc:1    | Bought a scroll labelled OXTUEW KIZI for 25 gold pieces
 51520 | Orc:2    | Entered Level 2 of the Orcish Mines
 51618 | Orc:2    | Found a staircase to the Elven Halls.
 51712 | Orc:2    | Found a gate leading to a gauntlet.
 51918 | Orc:2    | Found Xitirgh's Gadget Emporium.
 51997 | Orc:2    | Killed from afar by a soul eater

Illustrated notes

Levels and vault maps discovered:
D:1:      evilmike_arrival_home_sweet_home, layout_loops_corners, minmay_cut_off
D:2:      layout_basic, lightli_corner_chamber
D:3:      layout_loops_ring, lemuel_crystal_altar, nicolae_xom_altar_mimics,
          uniq_crazy_yiuf_cottage
D:4:      layout_basic, minmay_curled_crystal, st_stairs_9, grunt_ministairs_3,
          uniq_robin, uniq_pikel
D:5:      layout_loops_corners, chequers_temple_overflow_statue_of_worship
D:6:      lemuel_slime, layout_basic, minmay_temple_entry_proselytizer,
          gup_sewer_entry_spiral, glass_columns_a
D:7:      layout_basic, hangedman_decor_lopped
D:8:      layout_loops_ring, uniq_maurice
D:9:      layout_basic, lair_entry_dummy, orc_0_dummy, grunt_ministairs_2
D:10:     layout_roguey, minmay_misc_feat_room, serial_bayou_pond_e
D:11:     layout_basic, serial_shops, shop
D:12:     layout_long_grid, serial_shops, nicolae_shop_stone, st_stairs_6,
          yredelemnul_altar_generic
D:13:     layout_roguey, david_vaults_1, serial_shops, shop, serial_ice,
          serial_ice_g, serial_ice_d, serial_ice_k, serial_ice_c, serial_ice_f,
          serial_ice_b, serial_ice_h, serial_ice_a, serial_ice_m, serial_ice_e,
          portal_ice_cave_demonic_guard, minivault_16
D:14:     layout_loops_ring, minmay_misc_feat_pillars, enter_bailey_2,
          kennysheep_generic_room_9
D:15:     gammafunk_depths_entry_grave, layout_irregular_city, uniq_roxanne
Temple:   dpeg_five_rooms_temple
Lair:1:   layout_gridlike, ebering_ghost_funeral_grove, minmay_lair_oklob_items,
          pond, grunt_megastairs_5, uniq_urug
Lair:2:   layout_regular_city, gammafunk_ghost_berserking_beasts,
          beast_lair_carwin_11, grunt_megastairs_3, infiniplex_staircase_pool_2,
          minmay_lair_oklob_chamber
Lair:3:   layout_layer_cave, minivault_27, minivault_23,
          eino_small_chamber_without_monster
Lair:4:   layout_gridlike, minmay_swamp_entry_worms, guppyfry_snake_entry_island
Lair:5:   minmay_guarded_unrand_snakebite, layout_gridlike,
          minmay_slime_entry_jelly_boxes, grunt_megastairs_1
Lair:6:   gammafunk_lair_ancient_temple, layout_cave_pods, minmay_hedge_maze,
          uniq_rupert, uniq_josephine
Swamp:1:  layout_basic_swamp, evilmike_swamp_ruin_house_2, swamp_pool1,
          grunt_ruined_hall
Orc:1:    layout_caves, serial_shops, shop, uniq_erica
Orc:2:    st_orc_elflike, layout_caves, gauntlet_entry_generic
Depths:1: minmay_the_grid_triangle_9x9_line_8_mashed
          [minmay_the_grid_triangle_9x9_negative_grid,
          minmay_the_grid_triangle_9x9_zippers_horizontal,
          minmay_the_grid_triangle_9x9_semitri,
          minmay_the_grid_triangle_9x9_wacky_v,
          minmay_the_grid_triangle_9x9_sparse_checkered,
          minmay_the_grid_triangle_9x9_steps,
          minmay_the_grid_triangle_9x9_alien,
          minmay_the_grid_triangle_9x9_prize_schism], layout_honeycomb,
          enter_ziggurat_d, abyss_entry, nicolae_trove_entry_isolated,
          hell_entry, minmay_misc_feat_rugged, kennysheep_inner_square,
          uniq_saint_roka

Skill      XL: |  1  2  3  4  5  6  7  8  9 10 11 12 13 14 15 |
---------------+----------------------------------------------+-----
Stealth        | 5 6 7 8 10 12 14 15 16 18 19 20 | 20.2
Spellcasting   | 3 4 5 6 7 8 9 11 12 13 14 15 | 15.4
Hexes          | 4 5 6 7 8 10 11 12 13 14 | 14.0
Short Blades   | 3 5 7 8 9 |  9.8
Dodging        | 5 7 9 11 12 13 | 13.8
Necromancy     | 3 6 8 9 10 | 10.1

Action                   |  1- 3 |  4- 6 |  7- 9 | 10-12 | 13-15 || total
-------------------------+-------+-------+-------+-------+-------++-------
Melee: Dagger            |    88 |   125 |   407 |   436 |  1007 ||  2063
 Fire: Hand crossbow     |       |    10 |    27 |       |       ||    37
       Shortbow          |       |       |       |     8 |       ||     8
Throw: Dart              |    12 |    13 |    17 |     6 |    14 ||    62
 Cast: Ensorcelled Hiber |    18 |    58 |    93 |   176 |   298 ||   643
       Confusing Touch   |       |     5 |    39 |    43 |    79 ||   166
       Tukima's Dance    |       |     1 |     5 |    15 |    17 ||    38
       Dazzling Flash    |       |       |       |    17 |    32 ||    49
       Dispel Undead     |       |       |       |       |    38 ||    38
       Invisibility      |       |       |       |       |     2 ||     2
Evoke: Wand              |       |       |       |     2 |     4 ||     6
  Use: Scroll            |       |     4 |     7 |     3 |    17 ||    31
       Potion            |       |       |       |     8 |    17 ||    25
 Stab: Sleeping          |    26 |    47 |    83 |   135 |   243 ||   534
       Confused          |       |     4 |    28 |    28 |    75 ||   135
       Distracted        |       |       |     3 |     1 |     2 ||     6
       Paralysed         |       |       |       |     1 |       ||     1
       Invisible         |       |       |       |    14 |    23 ||    37
Armor: Robe              |    10 |    18 |    18 |    18 |    25 ||    89
Dodge: Dodged            |    66 |   121 |   258 |   535 |   950 ||  1930
